 Dungeon Crawl Stone Soup version 0.24.0-29-g8ce449bc06 (webtiles) character file.

Game seed: 16187255929251241632, levelgen mode: deterministic

19 Banto the Vexing (level 2, -5/11 HPs)
             Began as a Felid Enchanter on Nov 14, 2019.
             Slain by an orc
             ... wielding a +1 trident of freezing
              (6 damage)
             ... on level 2 of the Dungeon.
             The game lasted 00:01:12 (1656 turns).

Banto the Vexing (Felid Enchanter)                  Turns: 1656, Time: 00:01:13

Health: -5/11      AC:  1    Str:  4    XL:     2   Next: 55%
Magic:  0/6        EV: 18    Int: 16    God:
Gold:   65         SH:  0    Dex: 16    Spells: 2/5 levels left
                                        Lives:  0   Deaths: 0

rFire    . . .     SeeInvis +     - Unarmed
rCold    . . .     Gourm    .   (shield unavailable)
rNeg     . . .     Faith    .   (armour unavailable)
rPois    .         Spirit   .   (helmet unavailable)
rElec    .         Reflect  .   (cloak unavailable)
rCorr    .         Harm     .   (gloves unavailable)
MR       .....                  (boots unavailable)
Stlth    +++.......             (no amulet)
HPRegen  0.03/turn              (no ring)
MPRegen  0.10/turn              (no ring)

@: quick
A: very small, no armour, no weapons or thrown items, stealth, claws 1, fangs 3,
see invisible, carnivore, speed 1, shaggy fur 1, slow metabolism 1, sharp paws
a: no special abilities


You were on level 2 of the Dungeon.
You were completely stuffed.

You visited 1 branch of the dungeon, and saw 2 of its levels.

You collected 65 gold pieces.

Inventory:

Scrolls
 c - a scroll of fog {unknown}
 d - a scroll of magic mapping {unknown}
 f - a scroll of teleportation {unknown}
 g - a scroll of identify {unknown}
Potions
 a - 2 potions of heal wounds {unknown}
 e - a potion of brilliance {unknown}
Comestibles
 b - a ration


   Skills:
 + Level 3.1 Dodging
 + Level 4.4 Stealth
 + Level 1.5 Unarmed Combat
 - Level 2.0 Spellcasting
 + Level 4.7 Hexes


You had 2 spell levels left.
You knew the following spells:

 Your Spells              Type           Power        Failure   Level  Hunger
a - Corona                Hex            ###....      3%          1    #......
b - Ensorcelled Hibernat  Hex/Ice        #.....       12%         2    ###....

Your spell library contained the following spells:

 Spells                   Type           Power        Failure   Level  Hunger
 Confuse                  Hex            ###.....     9%          3    ###....
 Tukima's Dance           Hex            ###.....     9%          3    ###....
 Dazzling Spray           Conj/Hex       #.....       24%         3    ###....


Dungeon Overview and Level Annotations

Branches:
Dungeon (2/15)

Altars:


Innate Abilities, Weirdness & Mutations

You cannot wear armour.
You are incapable of wielding weapons or throwing items.
Your paws allow you to move quietly. (Stealth)
You have sharp claws.
You have razor-sharp teeth.
You have supernaturally acute eyesight. (SInv)
You are carnivorous and can eat meat at any time.
You cover ground quickly.
You are covered in fur. (AC +1)
You have a slow metabolism.
Your sharp claws are effective at attacking unaware monsters.


Message History

The orc resists with significant effort.
The orc hits you from afar with a +1 trident of freezing.
The orc freezes you.
Casting: Ensorcelled Hibernation (safe; 12% risk of failure)
Confirm with . or Enter, or press ? or * to list all spells.
Aiming: Ensorcelled Hibernation (safe; 12% risk of failure)
Press: ? - help, Shift-Dir - straight line, f/p - orc
Aim: an orc, wielding a +1 trident of freezing and wearing a +0 leather armour (chance to defeat MR: 58%)
The orc looks drowsy...
The orc shouts!
The orc hits you but does no damage.
You scratch the orc but do no damage. The orc closely misses you.
The orc hits you from afar with a +1 trident of freezing.
* * * LOW HITPOINT WARNING * * *
The orc freezes you.
* * * LOW HITPOINT WARNING * * *
There is a stone staircase leading up here.
The orc hits you from afar with a +1 trident of freezing.
Ouch! That really hurt!
You die...

#.....>......>.......
#..................##
#.....((...####...##
####.###..#####.....
#.# ##.......>..##
####.###............
#.........o.........
#........##.........
#........###@.......
#.....รท..# #......##
#.......## #......#
#.......# ###....#
#.......# ..[.#
#.......# ###...
#........# ##.
#.........#
#)..........#


You could see an orc.

Vanquished Creatures
  A leopard gecko (D:1)
  2 orcs
  2 goblins (D:1)
  2 hobgoblins (D:1)
  3 bats
  2 kobolds
  5 rats
17 creatures vanquished.

Notes
Turn   | Place    | Note
-------+----------+-------------------------------------------
     0 | D:1      | Banto the Felid Enchanter began the quest for the Orb.
     0 | D:1      | Reached XP level 1. HP: 7/7 MP: 4/4
   281 | D:1      | Reached XP level 2. HP: 6/11 MP: 4/6
   558 | D:1      | Learned a level 2 spell: Ensorcelled Hibernation
  1656 | D:2      | Slain by an orc

Levels and vault maps discovered:
D:1:      minmay_arrival_split_and_join, layout_loops_ring
D:2:      layout_rooms, gammafunk_temple_overflow_claw,
          chequers_serial_rivers_room_a, uniq_jessica, uniq_robin

Skill      XL: |  1 |
---------------+----+-----
Dodging        | 3 |  3.1
Stealth        | |  4.4
Unarmed Combat | |  1.5
Spellcasting   | |  2.0
Hexes          | |  4.7

Action                   || total
-------------------------++-------
Melee: Unarmed           ||    65
       Bite              ||     1
 Cast: Corona            ||     1
       Ensorcelled Hiber ||    10
 Stab: Sleeping          ||    10
       Distracted        ||     1
  Eat: Chunk             ||     9
Armor: Skin              ||    10
Dodge: Dodged            ||    57
